 Dungeon Crawl Stone Soup version 0.31-a0-507-gbafd7f5274 (webtiles) character file.

Game seed: 13113778102993767704

319 Gelion the Changeling (level 6, -1/42 HPs)
             Began as an Octopode Shapeshifter on Aug 9, 2023.
             Was an Initiate of Gozag.
             Slain by an iguana (12 damage)
             ... on level 5 of the Dungeon.
             The game lasted 00:04:19 (3272 turns).

Gelion the Changeling (Octopode Shapeshifter)       Turns: 3272, Time: 00:04:19

Health: -1/42      AC:  1    Str: 15    XL:     6   Next: 46%
Magic:  6/6        EV: 13    Int: 10    God:    Gozag
Gold:   238        SH:  0    Dex: 14    Spells: 5/5 levels left

rFire   . .          .
                       - Unarmed
rCold   . . .        (no shield)
rNeg    . . .        (helmet currently unavailable)
rPois   .            (no amulet)
rElec   .            i - ring of flight
rCorr   .            (no ring)
SInv    .            (no ring)
Will    .....        (no ring)
Stlth   ++           (no ring)
HPRegen 0.27/turn    (no ring)
MPRegen 0.10/turn    (no ring)
                     (no ring)

%: no passive effects
@: beast-form, gold aura, flying
A: beast (slay +3), almost no armour, amphibious, 8 rings, camouflage 1,
gelatinous body 1, (nimble swimmer 1), tentacles
a: Begin Untransformation, Renounce Religion, Potion Petition, Call Merchant,
Bribe Branch


You were on level 5 of the Dungeon.
You worshipped Gozag.
Gozag was aware of your devotion.
You were a hulking beast.
You visited 2 branches of the dungeon, and saw 6 of its levels.

You collected 280 gold pieces.
You paid 42 gold pieces to Gozag.

Inventory:

Jewellery
 i - a ring of flight (left tentacle)
Talismans
 b - a beast talisman (active)
 c - a flux talisman
 m - a maw talisman
Wands
 r - a wand of quicksilver (8)
Scrolls
 f - a scroll of fear
 g - a scroll of revelation
 j - 3 scrolls of vulnerability
 l - 2 scrolls of teleportation
 o - a scroll of blinking
 q - a scroll of immolation
Potions
 a - 2 potions of lignification
 d - 2 potions of mutation {unknown}
 e - a potion of invisibility {unknown}
 h - a potion of might {unknown}
 k - 3 potions of curing
 n - 2 potions of magic {unknown}
 t - a potion of degeneration {unknown}


   Skills:
 + Level 3.1 Fighting
 - Level 2.0 Dodging
 + Level 4.3 Unarmed Combat
 * Level 4.8 Shapeshifting


You had 5 spell levels left.
You didn't know any spells.
Your spell library was empty.

Dungeon Overview and Level Annotations

Branches:
Dungeon (5/15)             Temple (1/1) D:4

Altars:
Ashenzari
Dithmenos
Fedhas
Gozag
Hepliaklqana
Kikubaaqudgha
Makhleb
Nemelex Xobeh
Okawaru
Qazlal
Sif Muna
Uskayaw
Wu Jian
Xom
Yredelemnul
Zin


Innate Abilities, Weirdness & Mutations

You are a hulking beast.
Your limbs bulge with bestial killing power. (Slay +3)
You cannot wear most types of armour.
You are amphibious.
You can wear up to eight rings at the same time.
Your skin changes colour to match your surroundings (Stealth+).
Your rubbery body absorbs attacks. (AC +1, EV +1)
((You are camouflaged when in or above water. (Stealth+)))
You have tentacles for arms and can constrict up to eight enemies at once.


Message History

The gnoll completely misses you.
You bludgeon the gnoll!
You kill the gnoll!
You tentacle-slap the sleepcap. You grab the sleepcap.
You squeeze the sleepcap, but do no damage.
The sleepcap is lightly damaged.
You constrict the sleepcap, but do no damage.
You tentacle-slap the sleepcap but do no damage.
You squeeze the sleepcap, but do no damage.
The sleepcap is lightly damaged.
You constrict the sleepcap, but do no damage.
The sleepcap barely misses you. The iguana bites you!
You tentacle-slap the sleepcap.
The sleepcap is moderately damaged.
You constrict the sleepcap. The sleepcap releases spores at you.
The iguana closely misses you.
You tentacle-slap the sleepcap but do no damage.
You squeeze the sleepcap.
The sleepcap is heavily damaged.
You constrict the sleepcap. The iguana barely misses you.
The sleepcap barely misses you.
You tentacle-slap the sleepcap.
You squeeze the sleepcap, but do no damage.
The sleepcap is severely damaged.
You constrict the sleepcap, but do no damage.
The sleepcap releases spores at you. The iguana bites you!
You are too injured to fight recklessly!
You are too injured to fight recklessly!
You are too injured to fight recklessly!
You tentacle-slap the sleepcap but do no damage.
The sleepcap is severely damaged.
You constrict the sleepcap.
The iguana bites you but does no damage.
The sleepcap releases spores at you!
* * * LOW HITPOINT WARNING * * *
You tentacle-slap the sleepcap. You squeeze the sleepcap.
You destroy the sleepcap!
The iguana bites you!
You die...
Your body crumbles into a pile of gold.

....# # #.###
.# .. .. #. #
#)).# . #...#
..# ###)#.#
#...#...#.
....#.# .#
.#...#.. #.
#.###.# #..#
..#...#...#
##.....
...#...#...#..
#.....#
#.$#l..#.g.#
...##.#
###h.#...#
##.##.#
######....$.#
.#
#.....$#####.#
##.##.#
#.###..# #
.<....# #.#
#.?#####.#
##.##.# #.#
#.........
#.##.# #.#
#.........
#.##.# #.#
#..#######
##.##.# #.#
#..#######


You could see an iguana.

Vanquished Creatures
  A phantom (D:4)
  Crazy Yiuf (D:2)
  An iguana (D:5)
  A sleepcap (D:5)
  Terence (D:2)
  An orc wizard (D:4)
  A gnoll (D:5)
  4 adders
  2 dart slugs
  A worm (D:2)
  8 orcs
  11 ball pythons
  5 bats
  9 endoplasms
  6 giant cockroaches
  7 goblins
  3 hobgoblins
  8 kobolds
  3 quokkas
74 creatures vanquished.

Notes
Turn   | Place    | Note
-------+----------+-------------------------------------------
     0 | D:1      | Gelion the Octopode Shapeshifter began the quest for the
                  | Orb.
     0 | D:1      | Reached XP level 1. HP: 13/13 MP: 1/1
    35 | D:1      | Found a faded altar of an unknown god.
    50 | D:1      | Reached XP level 2. HP: 18/18 MP: 2/2
   338 | D:1      | Reached XP level 3. HP: 23/23 MP: 3/3
   945 | D:2      | Found a broken altar of Ashenzari.
   948 | D:2      | Noticed Terence
   957 | D:2      | Killed Terence
   958 | D:2      | Reached XP level 4. HP: 16/29 MP: 4/4
  1135 | D:2      | Found a runed translucent door.
  1136 | D:2      | Noticed Crazy Yiuf
  1312 | D:2      | Killed Crazy Yiuf
  1775 | D:3      | Reached XP level 5. HP: 35/35 MP: 5/5
  2425 | D:4      | Noticed a phantom
  2428 | D:4      | Found a staircase to the Ecumenical Temple.
  2435 | D:4      | Killed a phantom
  2436 | D:4      | Reached XP level 6. HP: 32/41 MP: 6/6
  2444 | Temple   | Entered the Ecumenical Temple
  2449 | Temple   | Became a worshipper of Gozag Ym Sagoz the Greedy
  3075 | D:5      | Entered Level 5 of the Dungeon
  3272 | D:5      | Slain by an iguana

Illustrated notes

Levels and vault maps discovered:
D:1:      minmay_arrival_plants_in_alcoves, layout_basic,
          ebering_ecumenical_altar_mist
D:2:      layout_basic, basic_altar, uniq_terence, uniq_crazy_yiuf_cottage
D:3:      layout_basic
D:4:      layout_cave_pools, minmay_temple_entry_mist
D:5:      layout_loops_ring, hex_large
Temple:   minmay_freezing_vapour_temple

Skill      XL: |  1  2  3  4  5  6 |
---------------+-------------------+-----
Fighting       | 2 3 |  3.1
Shapeshifting  | 4 |  4.8
Unarmed Combat | 4 |  4.3
Dodging        | |  2.0

Action                     |  1- 3 |  4- 6 || total
---------------------------+-------+-------++-------
  Melee: Unarmed           |    62 |    85 ||   147
         Constrict         |    17 |    24 ||    41
         Punch             |     3 |     2 ||     5
         Tentacles         |     7 |    26 ||    33
    Use: Scroll            |       |    13 ||    13
   Stab: Sleeping          |     7 |     3 ||    10
         Distracted        |       |     1 ||     1
 Armour: Skin              |     3 |     8 ||    11
  Dodge: Dodged            |    36 |    32 ||    68

Table legend: (Time is in decaauts)
 A = Elapsed time spent in this place.
 B = Non-inter-level travel time spent in this place.
 C = Inter-level travel time spent in this place.
 D = Time resting spent in this place.
 E = Time spent auto-exploring this place.
 F = Levels seen in this place.
 G = Mean time per level.
                   A        B        C        D        E       F      G
               +--------+--------+--------+--------+--------+-----+--------+
         Total |   3261 |   3084 |    177 |     81 |   2535 |   6 |  543.5 |
       Dungeon |   3246 |   3081 |    165 |     81 |   2535 |   5 |  649.2 |
        Temple |     14 |      2 |     12 |      0 |      0 |   1 |   14.0 |
               +--------+--------+--------+--------+--------+-----+--------+

Top non-repeatable levels by time:
     D:2: 979 daAuts
     D:3: 932 daAuts
     D:4: 633 daAuts
     D:1: 506 daAuts
     D:5: 195 daAuts
  Temple: 14 daAuts
